 Dungeon Crawl Stone Soup version 0.20.0-10-g0535bb4 (webtiles) character file.

116 Lexie the Skirmisher (level 5, 0/33 HPs)
             Began as a Gargoyle Fighter on June 6, 2017.
             Slain by Natasha (3 damage)
             ... on level 2 of the Dungeon.
             The game lasted 00:02:38 (1617 turns).

Lexie the Skirmisher (Gargoyle Fighter)             Turns: 1617, Time: 00:02:39

Health: 0/33       AC: 10    Str: 20    XL:     5   Next: 0%
Magic:  5/5        EV:  7    Int:  9    God:
Gold:   111        SH:  9    Dex:  9    Spells: 4/4 levels left

rFire    . . .     SeeInvis .   a - +0 flail
rCold    . . .     Gourm    .   c - +0 shield
rNeg     + . .     Faith    .   b - +0 scale mail
rPois    ∞         Spirit   .   (no helmet)
rElec    +         Reflect  .   (no cloak)
rCorr    .         Harm     .   (no gloves)
MR       .....                  (no boots)
Stlth    ..........             (no amulet)
Regen    0.2/turn               (no ring)
MPRegen  0.1/turn               (no ring)

@: slowed, very slow
A: negative energy resistance 1, electricity resistance, unbreathing,
petrification resistance, rot immunity, AC +4
a: no special abilities


You were on level 2 of the Dungeon.
You were hungry.

You visited 1 branch of the dungeon, and saw 2 of its levels.

You collected 111 gold pieces.

Inventory:

Hand Weapons
 a - a +0 flail (weapon)
Armour
 b - a +0 scale mail (worn)
 c - a +0 shield (worn)
 g - a +1 shield of protection
Jewellery
 e - a +3 ring of dexterity {unknown}
Scrolls
 j - 2 scrolls of teleportation {unknown}
 n - a scroll of identify {unknown}
Potions
 d - a potion of might
 i - a potion of agility {unknown}
 k - 2 potions of curing {unknown}
 m - a potion of cancellation {unknown}
 o - a potion of resistance {unknown}
 p - a potion of flight {unknown}
Comestibles
 f - a bread ration
 h - a royal jelly


   Skills:
 + Level 4.2 Fighting
 * Level 3.8 Maces & Flails
 - Level 3.2 Armour
 + Level 3.9 Shields


You had 4 spell levels left.
You didn't know any spells.

Dungeon Overview and Level Annotations

Branches:
Dungeon (2/15)

Altars:
Makhleb
Nemelex Xobeh

Annotations:
D:2 Natasha


Innate Abilities, Weirdness & Mutations

You are resistant to torment.
Your stone body is resilient. (AC +4)
You are immune to poison.
You resist negative energy. (rN+)
You are resistant to electric shocks. (rElec)
You can survive without breathing.
You are immune to petrification.
You are immune to rotting.


Message History

Natasha is heavily wounded.
The shadow imp gestures at you. Pain shoots through your body!
* * * LOW HITPOINT WARNING * * *
The white imp hits you but does no damage.
Natasha barely misses you.
The shadow imp hits you but does no damage.
The white imp gestures at you. The puff of frost hits you!
* * * LOW HITPOINT WARNING * * *
You block Natasha's attack.
You completely miss Natasha.
Natasha is heavily wounded.
You block the shadow imp's attack.
The white imp shouts, "Crawl home, thou pecksniffian rump-fed tiddler!"
The white imp hits you but does no damage.
Natasha claws you but does no damage. You block the shadow imp's attack.
The white imp hits you but does no damage.
Natasha claws you.
You die...

....#......###.#
###.###.##...#.## #
#...#.####....#
#...#.# ###.#.#
##....###.....#
#.#..........##
#.............#
##.......)...5##
####÷........h@.#
###............5#.#
.......÷......###.#
<.............# .#
...##.........# .#
#..##.........# ..
#..##.........# ##
#####......(..#
#.........#


You could see Natasha, a white imp and a shadow imp.

Vanquished Creatures
  Natasha (twice) (D:2)
  An adder (D:2)
  An ooze (D:1)
  A worm (D:2)
  5 dart slugs
  2 leopard geckos
  2 giant cockroaches
  3 goblins
  5 hobgoblins
  6 kobolds
  2 ball pythons (D:2)
  2 bats (D:1)
  6 frilled lizards
  4 rats (D:1)
42 creatures vanquished.

Notes
Turn   | Place    | Note
-------+----------+-------------------------------------------
     0 | D:1      | Lexie the Gargoyle Fighter began the quest for the Orb.
     0 | D:1      | Reached XP level 1. HP: 14/14 MP: 1/1
   125 | D:1      | Reached XP level 2. HP: 14/19 MP: 2/2
   481 | D:1      | Reached XP level 3. HP: 24/24 MP: 3/3
   918 | D:2      | Reached skill level 4 in Fighting
  1067 | D:2      | Found a burning altar of Makhleb.
  1068 | D:2      | Found a sparkling altar of Nemelex Xobeh.
  1118 | D:2      | Noticed Natasha
  1135 | D:2      | Killed Natasha
  1135 | D:2      | Reached XP level 4. HP: 19/29 MP: 4/4
  1337 | D:2      | Noticed Natasha
  1346 | D:2      | Killed Natasha
  1421 | D:2      | Noticed Natasha
  1613 | D:2      | Reached XP level 5. HP: 26/33 MP: 5/5
  1617 | D:2      | Slain by Natasha

Skill      XL: |  1  2  3 |
---------------+----------+-----
Maces & Flails | 3 |  3.8
Fighting       | 4 |  4.2
Armour         | |  3.2
Shields        | |  3.9

Action                   |  1- 3 |  4- 6 || total
-------------------------+-------+-------++-------
Melee: Flail             |   139 |    39 ||   178
  Eat: Chunk             |     1 |     1 ||     2
Armor: Scale mail        |    82 |    26 ||   108
Dodge: Dodged            |    49 |    19 ||    68
Block: Shield            |    87 |    18 ||   105
